 Dungeon Crawl Stone Soup version 0.18-a0-1805-g8ab820f (webtiles) character file.

90 Chiseanne the Ruffian (level 4, -1/45 HPs)
             Began as a Troll Monk on Apr 25, 2016.
             Was a Believer of Okawaru.
             Slain by an ogre
             ... wielding a +0 giant club
              (19 damage)
             ... on level 3 of the Dungeon.
             The game lasted 00:05:04 (1299 turns).

Chiseanne the Ruffian (Troll Monk)                  Turns: 1299, Time: 00:05:05

Health: -1/45      AC:  5    Str: 19    XL:     4   Next: 32%
Magic:  3/3        EV: 11    Int:  6    God:    Okawaru [**....]
Gold:   82         SH:  0    Dex: 13    Spells: 0 memorised, 3 levels left

rFire  . . .     SeeInvis .       - Unarmed
rCold  + . .     Gourm    +     a - +0 robe
rNeg   + . .     Faith    .     (no shield)
rPois  .         Spirit   .     (helmet restricted)
rElec  .         Dismiss  .     (no cloak)
rCorr  .         Reflect  .     (gloves unavailable)
SustAt .         Harm     .     (boots unavailable)
MR     .....                    (no amulet)
Stlth  +.........               j - ring of positive energy
                                m - ring of protection from cold

@: not resistant to hostile enchantments, very unstealthy
A: unfitting armour, claws 3, fast metabolism 3, gourmand, regeneration 2,
shaggy fur 1, tough skin 2
a: Heroism, Renounce Religion


You were on level 3 of the Dungeon.
You worshipped Okawaru.
Okawaru was pleased with you.
You were very full.

You visited 1 branch of the dungeon, and saw 3 of its levels.

You collected 82 gold pieces.

Inventory:

Missiles
 d - 68 stones (quivered)
 g - 13 arrows
 n - 17 bolts
 s - 15 poisoned needles
Armour
 a - a +0 robe (worn)
Jewellery
 c - an uncursed ring of see invisible
 j - a ring of positive energy (right claw)
 m - a ring of protection from cold (left claw)
Scrolls
 e - a scroll of teleportation {unknown}
 f - a scroll of remove curse
 i - a scroll of recharging {unknown}
 o - a scroll of identify {unknown}
 r - a scroll of magic mapping {unknown}
 t - a scroll of immolation {unknown}
Potions
 k - a potion of ambrosia {unknown}
 l - a potion of degeneration {unknown}
 q - a potion of resistance {unknown}
 u - a potion of curing {unknown}
Comestibles
 b - 4 bread rations
 v - 2 meat rations


   Skills:
 * Level 3.3 Fighting
 * Level 3.3 Dodging
 - Level 1.1 Stealth
 - Level 4.0 Unarmed Combat
 * Level 1.0 Invocations


You had 3 spell levels left.
You didn't know any spells.

Dungeon Overview and Level Annotations

Branches:
Dungeon (3/15)

Altars:
Okawaru


Innate Abilities, Weirdness & Mutations

You are too large for most types of armour.
You have claws for hands.
Your metabolism is lightning-fast.
You like to eat raw meat.
You heal very quickly.
You are covered in fur (AC +1).
You have very tough skin (AC +2).


Message History

Found a scroll labeled XAUNNUROCA.
You see here a stone.
The kobold throws a stone.
The stone barely misses you.
Found 11 gold pieces and a scroll labeled NOZXEG PADIL.
A goblin, a hobgoblin and an ogre come into view.
The kobold throws a stone.
The stone closely misses you.
Found 6 gold pieces.
The ogre shouts!
The kobold throws a stone.
The stone barely misses you.
The kobold throws a stone.
The stone hits you.
You see here a stone.
The ogre hits you with a giant club!
The hobgoblin shouts!
You claw the ogre!
The ogre is heavily wounded.
The ogre hits you with a giant club!
You scratch the ogre.
The ogre is severely wounded.
The goblin hits you but does no damage. The ogre hits you with a giant club!!
You die...

#?# ######.# ......(####
##((..#
#..##.#############
######.###..............
#....>...(###############
#.......(.# .......K@.#
#$......gO# #......?g.#
#.........# #..$......#
.###..#### #.# #.


You could see an ogre, a hobgoblin, a goblin and a kobold.

Vanquished Creatures
  Natasha (D:2)
  4 worms
  A dart slug (D:1)
  7 bats
  A giant cockroach (D:1)
  5 goblins
  5 hobgoblins
  7 jackals
  4 giant newts
  8 kobolds
  9 rats
52 creatures vanquished.

Notes
Turn   | Place    | Note
--------------------------------------------------------------
     0 | D:1      | Chiseanne the Troll Monk began the quest for the Orb.
     0 | D:1      | Reached XP level 1. HP: 22/22 MP: 0/0
   124 | D:1      | Reached XP level 2. HP: 29/29 MP: 1/1
   373 | D:1      | Reached XP level 3. HP: 28/37 MP: 2/2
   633 | D:2      | Found an iron altar of Okawaru.
   654 | D:2      | Became a worshipper of Warmaster Okawaru
   654 | D:2      | Reached * piety under Okawaru
   654 | D:2      | Reached ** piety under Okawaru
  1177 | D:3      | Noticed Natasha
  1208 | D:2      | Killed Natasha
  1208 | D:2      | Reached skill level 1 in Invocations
  1208 | D:2      | Reached XP level 4. HP: 27/45 MP: 0/3
  1294 | D:3      | Noticed an ogre
  1299 | D:3      | Slain by an ogre

Vault maps used:
D:1:      minmay_arrival_wavy_path, minivault_14, nrook_loot_triangle
D:2:      overflow_temple_1_default
D:3:      uniq_grinder, uniq_natasha

Skill      XL: |  1  2  3 |
---------------+----------+-----
Fighting       | 3 |  3.3
Dodging        | 3 |  3.3
Invocations    | 1 |  1.0
Stealth        | |  1.1
Unarmed Combat | |  4.0

Action                   |  1- 3 |  4- 6 || total
-------------------------+-------+-------++-------
Melee: Unarmed           |   131 |     4 ||   135
       Punch             |     1 |       ||     1
Invok: Heroism           |     1 |       ||     1
  Use: Scroll            |     2 |       ||     2
       Potion            |     2 |       ||     2
 Stab: Sleeping          |     4 |       ||     4
  Eat: Chunk             |    14 |     3 ||    17
Armor: Robe              |    67 |     1 ||    68
Dodge: Dodged            |    79 |     5 ||    84
